 Dungeon Crawl Stone Soup version 0.30.0-19-g36f170ea60 (webtiles) character file.

Game seed: 17906489886135422404

95504 Erymatos the Severer (level 15, -5/143 HPs)
             Began as a Minotaur Berserker on May 27, 2023.
             Was an Elder of Trog.
             Slain by a golden dragon simulacrum (12 damage)
             ... in an ice cave.
             The game lasted 00:44:48 (17187 turns).

Erymatos the Severer (Minotaur Berserker)          Turns: 17187, Time: 00:44:51

Health: -5/143     AC: 24    Str: 28      XL:     15   Next: 66%
Magic:  14/14      EV: 14    Int:  4 (7)  God:    Trog [****..]
Gold:   1456       SH: 20    Dex: 17      Spells: 14/14 levels left

rFire   + + +        P - +9 morningstar of the Dark Horse {freeze, rElec rPois}
rCold   + . .        W - +0 tower shield
rNeg    . . .        E - +6 scale mail of Youthful Indiscretion {*Slow rPois rF++ Int+3}
rPois   +            (helmet restricted)
rElec   +            b - scarf {rC+ rF+}
rCorr   .            i - +0 pair of gloves "Qatualid" {Rampage rElec Regen+}
SInv    .            v - +2 pair of boots
Will    +....        e - amulet of reflection
Stlth   +            U - +4 ring of protection
HPRegen 1.23/turn    o - +6 ring of dexterity
MPRegen 0.14/turn

%: slow self (1%), reflection, rampage
@: on berserk cooldown, slowed, very slow
A: horns 2, retaliatory headbutt
a: Renounce Religion, Berserk, Trog's Hand, Brothers in Arms


You were in an ice cave.
You worshipped Trog.
Trog was greatly pleased with you.
You visited 5 branches of the dungeon, and saw 21 of its levels.
You also visited: Ice Cave.

You collected 2184 gold pieces.
You spent 728 gold pieces at shops.

Inventory:

Hand Weapons
 N - a +4 broad axe
 P - the +9 morningstar of the Dark Horse (weapon) {freeze, rElec rPois}
   (You found it on level 1 of the Lair of Beasts)

   rElec:     It insulates you from electricity.
   rPois:     It protects you from poison.
Missiles
 F - 4 throwing nets (quivered)
Armour
 b - a scarf of resistance (worn)
 i - the +0 pair of gloves "Qatualid" (worn) {Rampage rElec Regen+}
   (You found it on level 2 of the Dungeon)

   rElec:     It insulates you from electricity.
   Regen:     It increases your rate of health regeneration.
   Rampage:   It bestows one free step when moving towards enemies.
 v - a +2 pair of boots (worn)
 E - the +6 scale mail of Youthful Indiscretion (worn) {*Slow rPois rF++ Int+3}
   (You took it off a wight on level 6 of the Dungeon)

   Int:       It affects your intelligence (+3).
   rF:        It greatly protects you from fire.
   rPois:     It protects you from poison.
   *Slow:     It may slow you when you take damage.
 W - a +0 tower shield (worn)
 X - the orb "Ramne" {mayhem, Rampage rF+ rC+ Int-2}
   (You found it on level 12 of the Dungeon)

   Int:       It affects your intelligence (-2).
   rF:        It protects you from fire.
   rC:        It protects you from cold.
   Rampage:   It bestows one free step when moving towards enemies.
Jewellery
 a - an amulet of faith
 e - an amulet of reflection (around neck)
 l - a ring of protection from fire
 o - a +6 ring of dexterity (right hand)
 p - an amulet of the acrobat
 U - a +4 ring of protection (left hand)
Wands
 G - a wand of iceblast (8)
Scrolls
 c - 2 scrolls of brand weapon {unknown}
 h - 3 scrolls of magic mapping {unknown}
 j - 3 scrolls of fear {unknown}
 n - a scroll of butterflies {unknown}
 q - 6 scrolls of teleportation
 r - 4 scrolls of immolation
 t - 4 scrolls of enchant armour
 u - 2 scrolls of noise {unknown}
 y - 4 scrolls of enchant weapon {unknown}
 C - 2 scrolls of fog {unknown}
 J - a scroll of torment {unknown}
 L - 3 scrolls of blinking
 O - 2 scrolls of silence {unknown}
 Q - 2 scrolls of vulnerability {unknown}
 S - 2 scrolls of poison {unknown}
Potions
 f - 2 potions of resistance {unknown}
 g - 2 potions of haste
 k - 11 potions of curing
 m - a potion of might
 s - 2 potions of attraction {unknown}
 w - 2 potions of experience {unknown}
 x - 2 potions of degeneration {unknown}
 z - 7 potions of brilliance {unknown}
 A - 3 potions of lignification {unknown}
 D - a potion of cancellation {unknown}
 H - 3 potions of invisibility {unknown}
 M - 4 potions of flight
 T - a potion of berserk rage {unknown}
 Y - 2 potions of mutation
 Z - a potion of ambrosia


   Skills:
 + Level 15.8 Fighting
 + Level 18.0(20.4) Axes
 + Level 16.0(19.4) Maces & Flails
 + Level 12.8 Armour
 + Level 10.6 Dodging
 + Level 3.2 Stealth
 * Level 6.7 Shields


You had 14 spell levels left.
You didn't know any spells.
Your spell library was empty.

Dungeon Overview and Level Annotations

Branches:
Dungeon (12/15)            Temple (0/1) D:7            Lair (5/5) D:10
  Swamp (1/4) Lair:2       Spider (1/4) Lair:2        Slime (0/5) Lair:4
    Orc (2/2) D:12            Elf (0/3) Orc:2         IceCv (1/1)

Altars:
Cheibriados
Dithmenos
Elyvilon
Kikubaaqudgha
Makhleb
Nemelex Xobeh
Qazlal
Ru
Sif Muna
Trog
Vehumet
Xom
Yredelemnul
The Shining One
Jiyva

Shops:
Orc:2 (![=

Annotations:
Lair:4 exclusion: 7 oklob plants
Swamp:1 2 transporters, exclusion: obsidian statue


Innate Abilities, Weirdness & Mutations

You have a pair of horns on your head.
You reflexively headbutt those who attack you in melee.


Message History

You destroy the freezing wraith!
Trog accepts your kill. The freezing wraith barely misses you.
You block the freezing wraith's attack.
The freezing wraith hits you but does no damage.
The freezing wraith closely misses you.
You block the golden dragon simulacrum's attack. x3
You puncture the freezing wraith!
The freezing wraith is moderately damaged.
You block the freezing wraith's attack. x3
The freezing wraith closely misses you. The golden dragon simulacrum bites you!
* * * LOW HITPOINT WARNING * * *
The golden dragon simulacrum freezes you!
You resist.
* * * LOW HITPOINT WARNING * * *
You block the golden dragon simulacrum's attack.
The golden dragon simulacrum tramples you but does no damage.
The freezing wraith hits you but does no damage. x3
The freezing wraith hits you.
* * * LOW HITPOINT WARNING * * *
The freezing wraith drains your vigour!
You feel as though you will be slow longer.
You barely miss the freezing wraith.
The freezing wraith is moderately damaged.
Your skin stops crawling.
You feel less strong-willed.
You block the freezing wraith's attack. x3
The freezing wraith hits you but does no damage.
You block the golden dragon simulacrum's attack.
The golden dragon simulacrum claws you.
* * * LOW HITPOINT WARNING * * *
The golden dragon simulacrum freezes you!!
You resist.
* * * LOW HITPOINT WARNING * * *
The golden dragon simulacrum tramples you but does no damage.
You feel better.
You block the freezing wraith's attack. x3
The freezing wraith hits you but does no damage.
The golden dragon simulacrum bites you!
* * * LOW HITPOINT WARNING * * *
The golden dragon simulacrum freezes you!
You resist.
You die...

############# ### #
##...).#.....## ..((
###......#......## .....
.#.......#.....ZW#Z.....
................@WZ.....
.#.......#.......#......
###.....(#......## .....
# ##...[(#.....## ..=)
############# ###


You could see 2 freezing wraiths and 3 golden dragon simulacra.

Vanquished Creatures
  Rupert (D:12)
  2 eleionomae (Swamp:1)
  3 very ugly things
  A dire elephant (Lair:4)
  Snorg (Lair:4)
  The ghost of gyole the Marksspriggan, a journeyman SpHu of the Shining One (Orc:2)
  A caustic shrike simulacrum (IceCv)
  Erolcha (Orc:2)
  4 ogre magi (Orc:2)
  5 hydras
  2 alligators (Swamp:1)
  3 catoblepae
  A centaur warrior (D:12)
  2 boulder beetles
  4 two-headed ogres
  3 death yaks (Lair:5)
  Sonja (Lair:2)
  A pharaoh ant (Lair:2)
  2 skysharks (Lair:5)
  A goliath frog (Swamp:1)
  A swamp dragon (Swamp:1)
  2 orange crystal statues (IceCv)
  A deep elf pyromancer (D:7)
  Pikel (D:4)
  2 lindwurms (Lair:5)
  4 cyclopes
  6 orc sorcerers (Orc:2)
  12 ugly things
  31 elephants
  4 black mambas
  4 gargoyles
  A torpor snail (Lair:5)
  10 cane toads
  A demonic crawler (Lair:2)
  3 unseen horrors
  2 rime drakes (Lair:5)
  3 freezing wraiths (IceCv)
  An anaconda simulacrum (IceCv)
  13 komodo dragons
  A merfolk (D:11)
  7 trolls
  Grinder (D:5)
  10 polar bears (Lair:5)
  2 hornets
  2 tyrant leeches (Swamp:1)
  A raiju (Lair:5)
  12 slime creatures
  2 dream sheep (Lair:5)
  A culicivora (Lair:2)
  2 spriggans
  6 wyverns
  A vampire (D:12)
  2 shadows
  Grum (Lair:1)
  44 yaks
  5 basilisks
  A wraith (D:12)
  2 steam dragons
  2 redbacks (Lair:2)
  6 vampire mosquitoes
  5 wargs
  3 acid dragons
  4 swamp worms
  16 hell hounds (Lair:5)
  11 water moccasins
  A hydra simulacrum (IceCv)
  A swamp drake (Swamp:1)
  14 black bears
  3 sky beasts
  15 orc warriors
  3 ice beasts
  3 ettin simulacra (IceCv)
  6 ogres
  41 wolves
  7 centaurs
  A boggart (D:12)
  A phantom (D:5)
  A kobold brigand (D:9)
  11 bullfrogs
  2 scorpions
  6 earth elementals (D:12)
  9 wights
  19 killer bees
  2 lindwurm simulacra (IceCv)
  A howler monkey (D:5)
  A lava snake (D:9)
  4 jellies
  5 hounds
  8 orc priests
  An iron imp (D:4)
  2 gnoll boudas
  2 iguanas
  37 orc wizards
  Robin (D:4)
  13 adders
  13 gnolls
  2 white imps
  2 ufetubi (D:5)
  4 worms
  3 dart slugs
  56 orcs
  4 endoplasms
  2 giant cockroaches (D:4)
  13 goblins
  13 hobgoblins
  4 quokkas
  5 ball pythons
  6 bats
  4 frilled lizards
  5 kobolds
  8 rats
657 creatures vanquished.

Vanquished Creatures (collateral kills)
  A minotaur (Orc:2)
  A caustic shrike simulacrum (IceCv)
  An anaconda simulacrum (IceCv)
  A dire elephant simulacrum (IceCv)
  A basilisk (D:12)
  A harpy simulacrum (IceCv)
  A water moccasin (Lair:2)
7 creatures vanquished.

Grand Total: 664 creatures vanquished

Notes
Turn   | Place    | Note
-------+----------+-------------------------------------------
     0 | D:1      | Erymatos the Minotaur Berserker began the quest for the
                  | Orb.
     0 | D:1      | Reached XP level 1. HP: 19/19 MP: 0/0
    86 | D:1      | Found a faded altar of an unknown god.
   208 | D:1      | Reached skill level 4 in Axes
   208 | D:1      | Reached XP level 2. HP: 24/27 MP: 1/1
   575 | D:2      | Reached XP level 3. HP: 33/33 MP: 2/2
   667 | D:2      | Identified the +0 pair of gloves "Qatualid" {Rampage rElec
                  | Regen+}
   981 | D:2      | Reached ** piety under Trog
   993 | D:2      | Reached XP level 4. HP: 41/41 MP: 3/3
  1756 | D:3      | Reached skill level 5 in Axes
  1825 | D:3      | Found a bloodstained altar of Trog.
  2112 | D:3      | Found a burning altar of Makhleb.
  2443 | D:3      | Found a sacrificial altar of Ru.
  2443 | D:3      | Found a sparkling altar of Nemelex Xobeh.
  2451 | D:3      | Found a basalt altar of Yredelemnul.
  2453 | D:3      | Found a shimmering blue altar of Sif Muna.
  2455 | D:3      | Found a shimmering altar of Xom.
  2620 | D:4      | Noticed Pikel
  2620 | D:4      | Noticed a lemure
  2620 | D:4      | Noticed a lemure
  2620 | D:4      | Noticed a lemure
  2620 | D:4      | Noticed a lemure
  2624 | D:4      | Noticed Robin
  2630 | D:4      | Killed Pikel
  2631 | D:4      | Reached skill level 5 in Fighting
  2631 | D:4      | Reached skill level 7 in Axes
  2631 | D:4      | Reached skill level 1 in Stealth
  2631 | D:4      | Reached XP level 5. HP: 48/48 MP: 4/4
  2631 | D:4      | Reached XP level 6. HP: 56/56 MP: 5/5
  2631 | D:4      | Reached XP level 7. HP: 61/61 MP: 6/6
  2635 | D:4      | Killed Robin
  2659 | D:4      | Reached *** piety under Trog
  2832 | D:4      | Reached skill level 5 in Armour
  2883 | D:4      | Found a snail-covered altar of Cheibriados.
  3162 | D:5      | Entered Level 5 of the Dungeon
  3223 | D:5      | Reached skill level 8 in Axes
  3302 | D:5      | Noticed Grinder
  3305 | D:5      | Paralysed by Grinder for 3 turns
  3312 | D:5      | Paralysed by Grinder for 3 turns
  3317 | D:5      | Killed Grinder
  3318 | D:5      | Reached XP level 8. HP: 70/70 MP: 7/7
  3476 | D:5      | Reached skill level 9 in Axes
  4072 | D:6      | Reached skill level 10 in Axes
  4163 | D:6      | Noticed a hornet
  4170 | D:6      | Killed a hornet
  4245 | D:6      | Reached XP level 9. HP: 77/78 MP: 8/8
  4344 | D:6      | Reached **** piety under Trog
  4389 | D:6      | Identified the +6 scale mail of Youthful Indiscretion
                  | {*Slow rPois rF++ Int+3}
  4399 | D:6      | Reached skill level 11 in Axes
  4714 | D:7      | Found a staircase to the Ecumenical Temple.
  4820 | D:7      | Reached skill level 5 in Dodging
  5028 | D:7      | Noticed a deep elf pyromancer
  5030 | D:7      | Noticed a troll
  5045 | D:7      | Killed a troll
  5046 | D:7      | Reached skill level 12 in Axes
  5054 | D:7      | Killed a deep elf pyromancer
  5055 | D:7      | Reached XP level 10. HP: 79/88 MP: 9/9
  5551 | D:8      | Reached ***** piety under Trog
  5555 | D:8      | Reached skill level 13 in Axes
  5998 | D:8      | Found a shadowy altar of Dithmenos.
  6008 | D:8      | Found a white marble altar of Elyvilon.
  6009 | D:8      | Found a glowing golden altar of the Shining One.
  6385 | D:9      | Received a gift from Trog
  6452 | D:9      | Reached skill level 14 in Axes
  6772 | D:9      | Reached XP level 11. HP: 68/97 MP: 10/10
  7115 | D:10     | Entered Level 10 of the Dungeon
  7142 | D:10     | Reached skill level 10 in Fighting
  7253 | D:10     | Found a stormy altar of Qazlal.
  7492 | D:10     | Reached skill level 15 in Axes
  7643 | D:10     | Noticed a two-headed ogre
  7645 | D:10     | Found the +6 shillelagh "Devastator" {shatter}
  7648 | D:10     | Killed a two-headed ogre
  7649 | D:10     | Noticed a boulder beetle
  7668 | D:10     | Found a staircase to the Lair.
  7669 | D:10     | Killed a boulder beetle
  7744 | D:11     | Noticed a two-headed ogre
  7755 | D:11     | Killed a two-headed ogre
  7762 | D:11     | Reached skill level 16 in Axes
  8039 | D:11     | Received a gift from Trog
  8344 | Lair:1   | Entered Level 1 of the Lair of Beasts
  8481 | Lair:1   | Noticed Grum
  8494 | Lair:1   | Killed Grum
  8671 | Lair:1   | Reached XP level 12. HP: 107/110 MP: 11/11
  8732 | Lair:1   | Identified the +9 morningstar of the Dark Horse {freeze,
                  | rElec rPois}
  9080 | Lair:1   | Identified the +3 scale mail of Pleasant Breezes {rF+ rN+}
  9213 | Lair:2   | Noticed Sonja
  9237 | Lair:2   | Killed Sonja
  9334 | Lair:2   | Found a sacrificial altar of Ru.
  9349 | Lair:2   | Found a hole to the Spider Nest.
  9441 | Lair:2   | Noticed a six-headed hydra
  9444 | Lair:2   | Noticed a five-headed hydra
  9446 | Lair:2   | Reached skill level 17 in Axes
  9462 | Lair:3   | Reached skill level 1 in Maces & Flails
  9462 | Lair:3   | Reached skill level 10 in Armour
  9576 | Lair:2   | Killed a five-headed hydra
  9579 | Lair:2   | Killed a six-headed hydra
  9580 | Lair:2   | Reached skill level 5 in Maces & Flails
  9665 | Lair:2   | Found a staircase to the Swamp.
 10604 | Lair:3   | Noticed a four-headed hydra
 10609 | Lair:3   | Killed a four-headed hydra
 10788 | Lair:3   | Reached XP level 13. HP: 113/119 MP: 12/12
 11254 | Lair:4   | Noticed a dire elephant
 11274 | Lair:4   | Killed a dire elephant
 11275 | Lair:4   | Reached skill level 10 in Maces & Flails
 11556 | Lair:4   | Found a viscous altar of Jiyva.
 11557 | Lair:4   | Found a staircase to the Slime Pits.
 11935 | Lair:4   | Noticed Snorg
 11951 | Lair:4   | Killed Snorg
 12343 | Spider:1 | Entered Level 1 of the Spider Nest
 12493 | Lair:5   | Entered Level 5 of the Lair of Beasts
 12836 | Lair:5   | Identified the +3 ring mail of Woomnieguu {rF+}
 13037 | Lair:5   | Reached XP level 14. HP: 130/130 MP: 13/13
 13680 | Lair:5   | Reached skill level 10 in Dodging
 14103 | D:12     | Identified the +0 leather armour of the Trombone {Str-2
                  | Int+7}
 14281 | D:12     | Reached skill level 15 in Maces & Flails
 14455 | D:12     | Found a staircase to the Orcish Mines.
 14985 | D:12     | Reached ****** piety under Trog
 14986 | D:12     | Reached skill level 15 in Fighting
 15018 | D:12     | Noticed Rupert
 15025 | D:12     | Killed Rupert
 15041 | D:12     | Identified the orb "Ramne" {mayhem, Rampage rF+ rC+ Int-2}
 15256 | Orc:1    | Entered Level 1 of the Orcish Mines
 15264 | Orc:1    | Received a gift from Trog
 15359 | Orc:2    | Entered Level 2 of the Orcish Mines
 15393 | Orc:2    | Found a staircase to the Elven Halls.
 15505 | Orc:2    | Found a runed translucent gate.
 15505 | Orc:2    | Found a runed translucent gate.
 15505 | Orc:2    | Found a runed translucent gate.
 15508 | Orc:2    | Noticed gyole's ghost (journeyman SpHu)
 15661 | Orc:2    | Reached XP level 15. HP: 141/141 MP: 14/14
 15766 | Orc:2    | Found Qoxecylo's Jewellery Shop.
 15795 | Orc:2    | Found a radiant altar of Vehumet.
 15795 | Orc:2    | Noticed Erolcha
 15795 | Orc:2    | Paralysed by an orc sorcerer for 5 turns
 15810 | Orc:2    | Killed Erolcha
 15817 | Orc:2    | Reached skill level 1 in Shields
 15859 | Orc:2    | Found an ancient bone altar of Kikubaaqudgha.
 15866 | Orc:2    | Paralysed by something for 4 turns
 15920 | Orc:2    | Found Nyrieh's Distillery.
 15924 | Orc:2    | Received a gift from Trog
 15935 | Orc:2    | Found Kievenk's Antique Armour Boutique.
 15958 | Orc:2    | Bought a potion of mutation for 104 gold pieces
 15958 | Orc:2    | Bought a potion of might for 52 gold pieces
 15958 | Orc:2    | Bought a potion of ambrosia for 104 gold pieces
 15982 | Orc:2    | Found Lukhlixoe's Antique Weapon Boutique.
 16107 | Orc:2    | Killed gyole's ghost
 16197 | Orc:2    | Bought a +6 ring of dexterity for 468 gold pieces
 16442 | Swamp:1  | Entered Level 1 of the Swamp
 16442 | Swamp:1  | Noticed a thorn hunter
 16476 | Swamp:1  | Found a transporter.
 16481 | Swamp:1  | Found a transporter.
 16482 | Swamp:1  | Noticed a thorn hunter
 16609 | Swamp:1  | Reached skill level 18 in Axes
 16736 | Swamp:1  | Found a frozen archway.
 16764 | Swamp:1  | HP: 5/141 [poisoned by a green very ugly thing]
 16862 | Swamp:1  | Reached skill level 5 in Shields
 16879 | IceCv    | Entered an ice cave
 17186 | IceCv    | HP: 7/143 [golden dragon simulacrum (18)]
 17187 | IceCv    | Slain by a golden dragon simulacrum

Illustrated notes

Levels and vault maps discovered:
D:1:      dpeg_arrival_round_b, layout_rooms, basic_ecumenical_altar,
          serial_bayou_lagoon_b
D:2:      layout_loops_corners
D:3:      minmay_diamond_boxcup, layout_loops_corners,
          chequers_temple_overflow_minitemple, old_standard_altar,
          bloody_makhleb
D:4:      layout_cave_pools, slow_altar_1, kennysheep_generic_room_2,
          uniq_pikel, uniq_robin
D:5:      layout_loops_corners, uniq_grinder
D:6:      layout_rooms, kennysheep_nondescript
D:7:      nzn_winding_woodlands_small [nzn_winding_woodlands_5x15_pockets,
          nzn_winding_woodlands_center_triple_pond,
          nzn_winding_woodlands_5x15_zeroes], layout_loops_ring,
          minmay_temple_entry_glassed_door
D:8:      layout_gridville, minitemple, grunt_decor_arrowhead,
          nicolae_figureground_pulse
D:9:      wad_river_or_something, layout_cave_pools, kennysheep_minor_cross,
          abandoned_shop, dk_noncrumbling_2, hangedman_decor_riveting
D:10:     layout_basic, grunt_qazlal_sundering, lair_entry_dummy,
          dilly_guarded_unrand_devastator
D:11:     layout_cave_pools, hangedman_decor_push, hangedman_fish_farm
D:12:     kennysheep_blocky_room, layout_basic, orc_0_dummy,
          statue_in_the_mist_lemuel, hangedman_cracks_in_the_wall, uniq_rupert
Lair:1:   layout_cellular_growth, uniq_grum
Lair:2:   layout_long_grid, palyth_hydra_swamp_entry, spider_nest_entry_a,
          basic_altar, grunt_megastairs_2, uniq_urug, uniq_sonja
Lair:3:   layout_regular_city, grunt_megastairs_5
Lair:4:   mu_elephants_graveyard, layout_regular_city,
          minmay_slime_entry_oklob_open, grunt_forest_stairs_basic,
          minivault_19, dpeg_oklob_1, uniq_snorg
Lair:5:   hangedman_lair_in_review, layout_concentric_octagons,
          hangedman_lair_caniforms_friends
Swamp:1:  gammafunk_sealed_arena, layout_falls_marsh,
          portal_ice_cave_entry_ugly_swarm, evilmike_swamp_ruin_house_5
Spider:1: layout_spider_delve, uniq_agnes
Orc:1:    layout_diamond_mine
Orc:2:    kennysheep_orc_mage_school, layout_diamond_mine,
          maelrawn_ghost_gauntlet_escape, mines1_david
IceCv:    ice_cave_statue_garden_chambered

Skill      XL: |  1  2  3  4  5  6  7  8  9 10 11 12 13 14 15 |
---------------+----------------------------------------------+-----
Fighting       | 4 5 6 7 9 11 12 13 15 | 15.8
Axes           | 4 7 8 10 12 14 16 17 18 | 18.0
Armour         | 4 5 6 8 9 10 11 12 | 12.8
Dodging        | 3 4 5 6 7 8 9 10 | 10.6
Stealth        | 1 2 3 |  3.2
Maces & Flails | 8 12 15 16 | 16.0
Shields        | 6 |  6.7

Action                     |  1- 3 |  4- 6 |  7- 9 | 10-12 | 13-15 || total
---------------------------+-------+-------+-------+-------+-------++-------
  Melee: Hand axe          |    67 |    74 |   321 |    11 |       ||   473
         Headbutt          |    12 |    10 |    52 |    88 |   227 ||   389
         Punch             |     2 |       |     3 |     3 |     5 ||    13
         War axe           |       |       |       |    95 |       ||    95
         Broad axe         |       |       |       |   135 |   205 ||   340
         Morningstar       |       |       |       |   141 |   748 ||   889
 Invoke: Berserk           |       |     1 |     5 |     6 |    20 ||    32
         Trog's Hand       |       |       |     2 |     4 |     8 ||    14
         Brothers in Arms  |       |       |       |     2 |     7 ||     9
    Use: Scroll            |       |       |       |     4 |     7 ||    11
         Potion            |       |       |       |       |     8 ||     8
   Stab: Sleeping          |     1 |       |       |       |       ||     1
         Petrified         |       |       |       |       |     3 ||     3
         Distracted        |       |       |       |       |     1 ||     1
 Armour: Animal skin       |     9 |       |       |       |       ||     9
         Ring mail         |     6 |    28 |    98 |       |       ||   132
         Scale mail        |       |       |    36 |   200 |   536 ||   772
  Dodge: Dodged            |    44 |    50 |   189 |   286 |   605 ||  1174
  Block: Tower shield      |       |       |       |       |   254 ||   254
         Orb               |       |       |       |       |     2 ||     2
         Other             |       |       |       |       |     1 ||     1
         Reflection        |       |       |       |       |     1 ||     1
